cohdb
Replays
Latest Replays
All Replays
Popular Replays
Top Player Replays
Match Explorer
How It Works
Community
CoH3 Stats
Reddit
Sign in to upload your games and track your stats! →
Sign in with Steam
Match 35149028
Unlisted
Match 35149028
Overview
Messages
Build Orders
End
Kettenkrad Recon Vehicle
Construct Infanterie Kompanie
MG 42 Machine Gun Team
Selects Mechanized Battlegroup
Grenadier Squad
MG 42 Machine Gun Team
Construct Luftwaffe Kompanie
Jäger Squad
Jäger Squad
Luftwaffe Officer Quarters
Jäger Squad
Selects Spotting Scopes
Selects Wespe Self-propelled Artillery
Wespe Self-propelled Artillery
Medical Station
Jäger Squad
221 Scout Car
Wespe Self-propelled Artillery
Madbirmy
Mr Smiles123
核桃里的王
LnsHomepgup
aSIISpanky
Joe15555 #Amalgamation
TwistedTootsy
ljn818
0
0
Comments
sign in to comment!
No comments posted yet!